 Dungeon Crawl Stone Soup version 0.19.1 (webtiles) character file.

5557 lorenzova the Thaumaturge (level 10, -3/50 HPs)
             Began as a Deep Elf Conjurer on Dec 12, 2016.
             Was a Believer of Vehumet.
             Slain by a water moccasin (10 damage)
             ... on level 9 of the Dungeon.
             The game lasted 00:21:20 (10935 turns).

lorenzova the Thaumaturge (Deep Elf Conjurer)      Turns: 10935, Time: 00:21:21

Health: -3/50      AC:  2    Str:  5    XL:     10   Next: 44%
Magic:  26/29      EV: 13    Int: 24    God:    Vehumet [**....]
Gold:   518        SH:  0    Dex: 15    Spells: 3 memorised, 25 levels left

rFire  + . .     SeeInvis .     d - +2 hand axe (freeze)
rCold  . . .     Gourm    .     a - +0 robe
rNeg   . . .     Faith    .     (no shield)
rPois  .         Spirit   .     (no helmet)
rElec  .         Reflect  .     (no cloak)
rCorr  .         Harm     .     (no gloves)
MR     +....                    (no boots)
Stlth  ++........               E - amulet of regeneration
                                F - ring of wizardry
                                w - ring of protection from fire

@: no status effects
A: no striking features
a: Renounce Religion


You were on level 9 of the Dungeon.
You worshipped Vehumet.
Vehumet was pleased with you.
You were not hungry.

You visited 2 branches of the dungeon, and saw 10 of its levels.
You also visited: Sewer.

You collected 518 gold pieces.

Inventory:

Hand Weapons
 d - a +2 hand axe of freezing (weapon)
Armour
 a - a +0 robe (worn)
Magical Staves
 P - an uncursed staff of summoning {unknown}
Jewellery
 q - an uncursed ring of ice
 v - an uncursed ring of fire
 w - a ring of protection from fire (left hand)
 y - an uncursed ring of positive energy
 E - an amulet of regeneration (around neck)
 F - a ring of wizardry (right hand)
 J - an uncursed ring of positive energy
 N - an uncursed ring of fire
Wands
 B - a wand of lightning (5/15)
Scrolls
 f - 3 scrolls of immolation
 h - a scroll of fear {unknown}
 k - 3 scrolls of remove curse
 n - a scroll of amnesia
 r - 2 scrolls of noise
 s - a scroll of fog {unknown}
 A - a scroll of identify
 D - 2 scrolls of magic mapping {unknown}
 G - 2 scrolls of teleportation {unknown}
Potions
 e - 2 potions of curing {unknown}
 g - 5 potions of heal wounds {unknown}
 i - a potion of cancellation {unknown}
 j - 2 potions of degeneration {unknown}
 m - 3 potions of flight {unknown}
 o - a potion of resistance {unknown}
 p - 2 potions of might {unknown}
 t - 3 potions of brilliance {unknown}
 u - a potion of magic {unknown}
 x - 2 potions of lignification {unknown}
 z - 2 potions of mutation {unknown}
 C - a potion of cure mutation {unknown}
 K - a potion of ambrosia {unknown}
 O - 2 potions of agility {unknown}
Books
 b - a book of Conjurations

   Spells                             Type                      Level
   a - Magic Dart                     Conjuration                  1
   b - Searing Ray                    Conjuration                  2
   c - Dazzling Spray                 Conjuration/Hexes            3
   d - Fulminant Prism                Conjuration/Hexes            4
   e - Iskenderun's Mystic Blast      Conjuration                  4
   f - Iskenderun's Battlesphere      Conjuration/Charms           5
 H - a book of Changes

   Spells                             Type                      Level
   a - Beastly Appendage              Transmutation                1
   b - Sticks to Snakes               Transmutation                2
   c - Spider Form                    Transmutation/Poison         3
   d - Ice Form                       Ice/Transmutation            4
   e - Blade Hands                    Transmutation                5
Miscellaneous
 I - a phial of floods
Comestibles
 c - 5 bread rations
 l - 6 meat rations
 L - 2 beef jerkies
 M - 7 slices of pizza


   Skills:
 * Level 2.0 Armour
 - Level 2.4 Dodging
 - Level 2.4 Stealth
 * Level 13.3 Spellcasting
 * Level 12.0 Conjurations
 - Level 6.1 Charms


You had 25 spell levels left.
You knew the following spells:

 Your Spells              Type           Power        Failure   Level  Hunger
a - Magic Dart            Conj           ####         1%          1    None
b - Iskenderun's Battles  Conj/Chrm      ######..     1%          5    ###....
c - Iskenderun's Mystic   Conj           ######..     1%          4    None


Dungeon Overview and Level Annotations

Branches:
Dungeon (9/15)             Temple (1/1) D:4
   Lair: D:8-11         Orc: D:9-12

Altars:
Ashenzari
Cheibriados
Dithmenos
Elyvilon
Fedhas
Hepliaklqana
Kikubaaqudgha
Makhleb
Nemelex Xobeh
Okawaru
Qazlal
Ru
Sif Muna
Trog
Uskayaw
Vehumet
Xom
Yredelemnul
The Shining One

Annotations:
D:9 Grum


Message History

The water moccasin is moderately wounded.
Your battlesphere fires!
The barrage of energy hits the water moccasin.
The water moccasin is severely wounded.
Your battlesphere expends the last of its energy and dissipates.
Grum hits you from afar with an enchanted halberd!!
Ouch! That really hurt!
* * * LOW HITPOINT WARNING * * *
The water moccasin bites you!
* * * LOW HITPOINT WARNING * * *
You hear a chilling moan.
The water moccasin completely misses you.
A quasit comes into view.
The water moccasin closely misses you.
There is an open door, spattered with blood here.
You see here a hound corpse.
The water moccasin barely misses you. The water moccasin closely misses you.
The water moccasin bites you!
You die...

.####### #.....#
.# #.....# ##
#.....#
######†#...#
#...g5.#...#
#g####.#...# #.#
#.#...# #S#
#.#...#
####@####.#...#
...<.........#####
..####.......#
#.......#
#..###).# ##..#
#).# ....# #..#
...# #[.# #.###..+


You could see Grum and a water moccasin.

Vanquished Creatures
  Psyche (D:9)
  4 hippogriffs
  A wyvern (D:9)
  2 yaks (D:8)
  A human (D:8)
  2 hogs
  A hungry ghost (D:9)
  Edmund (D:5)
  An orc warrior (D:9)
  An ice beast (D:8)
  A sky beast (D:6)
  A necrophage (D:7)
  A centaur (D:6)
  3 ogres
  2 wolves (D:9)
  2 big kobolds (Sewer)
  4 bullfrogs
  A gnoll sergeant (D:6)
  4 scorpions
  A water moccasin skeleton (D:8)
  4 killer bees (D:8)
  3 wights (D:7)
  3 howler monkeys (D:7)
  3 crimson imps
  8 hounds
  2 jellies
  5 orc priests
  3 orc wizards
  4 bullfrog skeletons
  A gnoll shaman (D:7)
  5 iguanas
  Natasha (twice) (D:3)
  10 worker ants
  2 hound skeletons
  13 gnolls
  5 adders
  2 shadow imps (D:7)
  An ooze (D:2)
  An adder skeleton (D:9)
  An adder zombie (D:8)
  4 worms
  2 dart slugs
  4 leopard geckos
  14 orcs
  6 giant cockroaches
  6 goblins
  7 hobgoblins
  6 quokkas
  5 ball pythons
  14 bats
  6 frilled lizards
  A jackal skeleton (D:4)
  A jackal zombie (D:7)
  13 kobolds
  A leopard gecko skeleton (D:4)
  A quokka skeleton (D:4)
  11 rats
215 creatures vanquished.

Notes
Turn   | Place    | Note
-------+----------+-------------------------------------------
     0 | D:1      | lorenzova the Deep Elf Conjurer began the quest for the Orb.
     0 | D:1      | Reached XP level 1. HP: 10/10 MP: 6/6
   368 | D:1      | Reached XP level 2. HP: 15/15 MP: 4/8
   959 | D:2      | Reached skill level 4 in Spellcasting
   959 | D:2      | Reached skill level 5 in Conjurations
   959 | D:2      | Reached XP level 3. HP: 19/19 MP: 4/10
  1339 | D:2      | Found a faded altar of an unknown god.
  2166 | D:3      | Found a burning altar of Makhleb.
  2173 | D:3      | Reached XP level 4. HP: 18/24 MP: 5/12
  2200 | D:3      | Learned a level 4 spell: Iskenderun's Mystic Blast
  2283 | D:3      | Reached skill level 5 in Spellcasting
  2559 | D:3      | Reached XP level 5. HP: 28/28 MP: 8/14
  2863 | D:3      | Noticed Natasha
  2873 | D:3      | Killed Natasha
  2921 | D:3      | Noticed Natasha
  2921 | D:3      | Killed Natasha
  2921 | D:3      | Reached skill level 6 in Spellcasting
  3377 | D:4      | Reached XP level 6. HP: 19/32 MP: 0/17
  3577 | D:3      | Learned a level 5 spell: Iskenderun's Battlesphere
  3617 | D:4      | Found a staircase to the Ecumenical Temple.
  3640 | Temple   | Entered the Ecumenical Temple
  3701 | Temple   | Became a worshipper of Vehumet
  4339 | D:4      | Reached skill level 7 in Spellcasting
  4493 | D:4      | Noticed a hippogriff
  4498 | D:4      | Killed a hippogriff
  4498 | D:4      | Reached XP level 7. HP: 36/36 MP: 4/20
  4871 | D:5      | Entered Level 5 of the Dungeon
  5054 | D:5      | Reached skill level 8 in Spellcasting
  5138 | D:5      | Noticed Edmund
  5798 | D:5      | Found a white marble altar of Elyvilon.
  6445 | D:6      | Found a glowing drain.
  6487 | Sewer    | Entered a sewer
  6505 | Sewer    | Reached skill level 9 in Spellcasting
  6505 | Sewer    | Reached XP level 8. HP: 41/41 MP: 9/23
  6772 | Sewer    | Noticed Philosophy's ghost (novice FoFi)
  6977 | D:5      | Killed Edmund
  7254 | D:6      | Found a white marble altar of Elyvilon.
  7598 | D:6      | Reached skill level 10 in Spellcasting
  7651 | D:6      | Reached * piety under Vehumet
  7651 | D:6      | Offered knowledge of Flame Tongue by Vehumet.
  8104 | D:6      | Reached skill level 1 in Charms
  8418 | D:7      | Reached skill level 10 in Conjurations
  8489 | D:7      | Reached XP level 9. HP: 45/45 MP: 9/25
  8584 | D:7      | Reached skill level 11 in Spellcasting
  9586 | D:8      | Offered knowledge of Throw Frost by Vehumet.
  9592 | D:8      | Reached ** piety under Vehumet
  9721 | D:8      | Reached skill level 12 in Spellcasting
  9721 | D:8      | Reached skill level 5 in Charms
 10173 | D:8      | Reached XP level 10. HP: 50/50 MP: 19/28
 10688 | D:9      | Noticed Psyche
 10691 | D:9      | Killed Psyche
 10691 | D:9      | Reached skill level 1 in Armour
 10691 | D:9      | Reached skill level 13 in Spellcasting
 10774 | D:9      | Offered knowledge of Throw Flame by Vehumet.
 10918 | D:9      | Noticed Grum
 10924 | D:9      | HP: 1/50 [water moccasin (8)]
 10935 | D:9      | Slain by a water moccasin

Skill      XL: |  1  2  3  4  5  6  7  8  9 10 |
---------------+-------------------------------+-----
Spellcasting   | 4 5 6 7 9 10 12 13 | 13.3
Conjurations   | 5 6 7 8 10 11 12 | 12.0
Charms         | 2 5 6 |  6.1
Armour         | 2 |  2.0
Dodging        | |  2.4
Stealth        | |  2.4

Action                   |  1- 3 |  4- 6 |  7- 9 | 10-12 || total
-------------------------+-------+-------+-------+-------++-------
Melee: Hand axe          |     4 |     3 |     3 |       ||    10
 Cast: Magic Dart        |    93 |   127 |   266 |    31 ||   517
       Iskenderun's Myst |       |    11 |    30 |     7 ||    48
       Iskenderun's Batt |       |       |    27 |     8 ||    35
  Use: Scroll            |       |       |     5 |       ||     5
  Eat: Chunk             |     4 |     3 |    10 |     3 ||    20
       Meat ration       |       |     1 |     2 |       ||     3
       Royal jelly       |       |       |     1 |       ||     1
Armor: Robe              |     2 |     2 |     8 |     3 ||    15
Dodge: Dodged            |    14 |    20 |    46 |     6 ||    86
